 Dungeon Crawl Stone Soup version 0.20.0-10-g0535bb4 (webtiles) character file.

154 Lexie the Shield-Bearer (level 5, -2/33 HPs)
             Began as a Gargoyle Fighter on June 6, 2017.
             Killed from afar by an orc wizard (4 damage)
             ... with a magic dart
             ... on level 3 of the Dungeon.
             The game lasted 00:03:25 (2423 turns).

Lexie the Shield-Bearer (Gargoyle Fighter)          Turns: 2423, Time: 00:03:25

Health: -2/33      AC: 10    Str: 21    XL:     5   Next: 35%
Magic:  5/5        EV:  7    Int:  8    God:
Gold:   125        SH:  9    Dex:  9    Spells: 4/4 levels left

rFire    . . .     SeeInvis .   a - +0 flail
rCold    . . .     Gourm    .   c - +0 shield
rNeg     + . .     Faith    .   b - +0 scale mail
rPois    ∞         Spirit   .   (no helmet)
rElec    +         Reflect  .   (no cloak)
rCorr    .         Harm     .   (no gloves)
MR       .....                  (no boots)
Stlth    ..........             (no amulet)
Regen    0.2/turn               (no ring)
MPRegen  0.1/turn               (no ring)

@: no status effects
A: negative energy resistance 1, electricity resistance, unbreathing,
petrification resistance, rot immunity, AC +4
a: no special abilities


You were on level 3 of the Dungeon.
You were not hungry.

You visited 1 branch of the dungeon, and saw 3 of its levels.

You collected 125 gold pieces.

Inventory:

Hand Weapons
 a - a +0 flail (weapon)
Armour
 b - a +0 scale mail (worn)
 c - a +0 shield (worn)
Jewellery
 n - a cursed -2 ring of strength {unknown}
Scrolls
 e - 2 scrolls of identify {unknown}
 j - a scroll of blinking {unknown}
 l - a scroll of amnesia {unknown}
 o - a scroll of teleportation {unknown}
 r - a scroll of remove curse {unknown}
Potions
 d - a potion of might
 h - a potion of haste {unknown}
 i - 2 potions of degeneration {unknown}
 k - a potion of curing {unknown}
 m - a potion of ambrosia {unknown}
 p - a potion of heal wounds {unknown}
 q - a potion of mutation {unknown}
Comestibles
 f - 2 bread rations
 g - a chunk of flesh


   Skills:
 + Level 4.1 Fighting
 * Level 4.1 Maces & Flails
 - Level 3.2 Armour
 + Level 4.2 Shields


You had 4 spell levels left.
You didn't know any spells.

Dungeon Overview and Level Annotations

Branches:
Dungeon (3/15)

Altars:


Innate Abilities, Weirdness & Mutations

You are resistant to torment.
Your stone body is resilient. (AC +4)
You are immune to poison.
You resist negative energy. (rN+)
You are resistant to electric shocks. (rElec)
You can survive without breathing.
You are immune to petrification.
You are immune to rotting.


Message History

The orc priest's wounds heal themselves!
You sock the orc!
You kill the orc!
The orc priest hits you but does no damage.
You closely miss the orc priest.
The orc priest hits you but does no damage.
The orc priest mumbles some strange prayers to Beogh against you.
Pain shoots through your body! The orc priest hits you with a club.
You hit the orc priest.
The orc priest is moderately wounded.
The orc priest invokes the aid of Beogh against you.
Beogh smites you! You block the orc priest's attack.
The orc wizard begins to cast a cantrip, but forgets the words!
The orc priest calls down the wrath of Beogh upon you.
Beogh smites you!
* * * LOW HITPOINT WARNING * * *
The orc priest looks braver for a moment.
The orc wizard gestures at you while chanting.
The magic dart hits you!
You die...

#.........#####..####.....#
#...............## ###.###
#..........###### #.#
##.........# #.#
..###)........## .#
..............#
...##.........######### .#
.. <#.......>.........# .# .
#.............@.....# .#
####............o...# .#
...................# o#
....(...............# o#
.....#.####.......oo#####.##
....##.# #.........o..#.).##
..## #. #............o....#
#. #............).....#
#..................#


You could see 2 orc priests, an orc wizard and an orc.

Vanquished Creatures
  A gnoll (D:2)
  6 adders
  An ooze (D:2)
  2 worms (D:2)
  2 dart slugs (D:2)
  4 leopard geckos
  An orc (D:3)
  3 giant cockroaches
  9 goblins
  4 hobgoblins (D:1)
  7 jackals
  A quokka (D:2)
  9 bats
  9 frilled lizards
  10 kobolds
  6 rats
75 creatures vanquished.

Notes
Turn   | Place    | Note
-------+----------+-------------------------------------------
     0 | D:1      | Lexie the Gargoyle Fighter began the quest for the Orb.
     0 | D:1      | Reached XP level 1. HP: 14/14 MP: 1/1
   277 | D:1      | Reached XP level 2. HP: 16/19 MP: 2/2
   766 | D:1      | Reached XP level 3. HP: 20/24 MP: 3/3
  1377 | D:2      | Reached XP level 4. HP: 29/29 MP: 4/4
  1922 | D:2      | Reached XP level 5. HP: 33/33 MP: 5/5
  2423 | D:3      | Killed from afar by an orc wizard

Skill      XL: |  1  2  3  4  5 |
---------------+----------------+-----
Maces & Flails | 3 4 |  4.1
Fighting       | 4 |  4.1
Shields        | 4 |  4.2
Armour         | |  3.2

Action                   |  1- 3 |  4- 6 || total
-------------------------+-------+-------++-------
Melee: Flail             |   132 |   141 ||   273
  Eat: Chunk             |     2 |     3 ||     5
Armor: Scale mail        |    86 |   109 ||   195
Dodge: Dodged            |    55 |    51 ||   106
Block: Shield            |    88 |   100 ||   188
